 Dungeon Crawl Stone Soup version 0.25.1-1-g288607f (webtiles) character file.

Game seed: 3609940153409461059

4335 RonnieColeman the Thaumaturge (level 10, 0/69 HPs)
             Began as an Octopode Conjurer on Sept 12, 2020.
             Was a Believer of Kikubaaqudgha.
             Slain by an orc priest
             ... wielding a +2 mace of protection
              (3 damage)
             ... on level 9 of the Dungeon.
             The game lasted 00:21:05 (8444 turns).

RonnieColeman the Thaumaturge (Octopode Conjurer)   Turns: 8444, Time: 00:21:06

Health: 0/69       AC:  1    Str:  9    XL:     10   Next: 33%
Magic:  20/42      EV: 13    Int: 20    God:    Kikubaaqudgha [**....]
Gold:   412        SH:  0    Dex: 12    Spells: 24/29 levels left

rFire    + . .     SeeInvis .   p - +1 morningstar (protect)
rCold    . . .     Gourm    .   (no shield)
rNeg     . . .     Faith    .   (helmet restricted)
rPois    .         Spirit   .   a - amulet of regeneration
rElec    .         Reflect  .   l - ring of flight
rCorr    .         Harm     .   o - ring of magical power
MR       +....                  q - ring of protection from cold
Stlth    +++.......             r - ring of protection from magic
HPRegen  0.61/turn              h - ring of fire
MPRegen  0.28/turn              A - ring of magical power
                                (no ring)
                                (no ring)

@: lethally poisoned (0 -> -1)
A: almost no armour, stealthy swim, amphibious, 8 rings, constrict 8, camouflage
1, gelatinous body 1
a: Receive Corpses, Renounce Religion, Evoke Flight


You were on level 9 of the Dungeon.
You worshipped Kikubaaqudgha.
Kikubaaqudgha was pleased with you.
You were not hungry.

You visited 2 branches of the dungeon, and saw 10 of its levels.

You collected 412 gold pieces.

Inventory:

Hand Weapons
 c - a +1 dagger
 p - a +1 morningstar of protection (weapon)
Jewellery
 a - an amulet of regeneration (around mantle)
 h - a ring of fire (on tentacle)
 l - a ring of flight (left tentacle)
 o - a ring of magical power (right tentacle)
 q - a ring of protection from cold (on tentacle)
 r - a ring of protection from magic (on tentacle)
 A - a ring of magical power (on tentacle)
Wands
 f - a wand of acid (9)
Scrolls
 i - 7 scrolls of teleportation
 j - 4 scrolls of identify
 m - a scroll of enchant weapon
 v - a scroll of immolation
 w - 2 scrolls of amnesia
 y - a scroll of remove curse
 z - a scroll of blinking
Potions
 d - a potion of haste
 e - a potion of invisibility
 g - a potion of heal wounds
 k - 2 potions of brilliance
 n - a potion of ambrosia
 t - a potion of curing
 u - a potion of cancellation
 x - a potion of flight {unknown}
Comestibles
 b - 23 rations
 s - a chunk of flesh


   Skills:
 + Level 6.4 Fighting
 - Level 2.0 Dodging
 - Level 2.6 Stealth
 * Level 10.1 Spellcasting
 + Level 8.6 Conjurations


You had 24 spell levels left.
You knew the following spells:

 Your Spells              Type           Power        Failure   Level  Hunger
a - Magic Dart            Conj           ####         1%          1    None
b - Searing Ray           Conj           #####.       1%          2    None
m - Sublimation of Blood  Necr           ##........   11%         2    None

Your spell library contained the following spells:

 Spells                   Type           Power        Failure   Level  Hunger
 Dazzling Flash           Conj/Hex       ####..       3%          3    None
 Freeze                   Ice            ##..         7%          1    None
 Infusion                 Chrm           ##..         7%          1    None
 Pain                     Necr           ##..         7%          1    None
 Corpse Rot               Necr/Air       N/A          11%         2    None
 Shroud of Golubria       Chrm/Tloc      ##....       11%         2    None
 Swiftness                Chrm/Air       ##......     11%         2    None
 Fulminant Prism          Conj/Hex       ####......   12%         4    ##.....
 Hailstorm                Conj/Ice       ####....     12%         4    ##.....
 Iskenderun's Mystic Bla  Conj/Tloc      ####....     12%         4    ##.....
 Frozen Ramparts          Ice            ##....       21%         3    None
 Ozocubu's Armour         Chrm/Ice       ##......     21%         3    None
 Vampiric Draining        Necr           ##........   21%         3    None
 Summon Ice Beast         Ice/Summ       ##......     56%         4    ##.....
 Excruciating Wounds      Chrm/Necr      ##........   88%         5    ####...


Dungeon Overview and Level Annotations

Branches:
Dungeon (9/15)             Temple (1/1) D:5
   Lair: D:8-11         Orc: D:9-12

Altars:
Ashenzari
Cheibriados
Dithmenos
Elyvilon
Fedhas
Gozag
Hepliaklqana
Kikubaaqudgha
Makhleb
Okawaru
Qazlal
Ru
Sif Muna
Trog
Uskayaw
Vehumet
Wu Jian
Xom
Yredelemnul
Zin
The Shining One


Innate Abilities, Weirdness & Mutations

You cannot wear most types of armour.
You are very stealthy in the water. (Stealth+)
You are amphibious.
You can wear up to eight rings at the same time.
You can use your tentacles to constrict eight enemies at once.
Your skin changes colour to match your surroundings (Stealth+).
Your rubbery body absorbs attacks. (AC +1, EV +1)


Message History

Aiming: Searing Ray (safe; 1% risk of failure)
Press: ? - help, Shift-Dir - straight line The searing ray hits the orc.
The orc is lightly wounded. (Press . to maintain the ray.)
You feel sick. The orc barely misses you.
The searing ray hits the orc!
You kill the orc!
Kikubaaqudgha accepts your kill.
The searing ray hits the orc priest but does no damage.
You feel sick.
The searing ray hits the orc priest but does no damage.
You feel sick.
The orc priest hits you with a +2 mace of protection!
* * * LOW HITPOINT WARNING * * *
The searing ray hits the orc priest but does no damage.
You finish channeling your searing ray.
You feel sick.
The orc priest hits you with a +2 mace of protection.
You die...
Kikubaaqudgha rasps: "You have failed me!
Welcome... death!"

#.#...#.# #.#...#.#
#.......# ##.o.#######
#o.#.......#
#o)..#.###.#
#########†####.###.###
#......##)#..........#
##.##...@o..........#.#
##.....#.##.#.##.#####.#
#.....##.##......# #.#
#........####.#### #.#
#........####.#### #.#
##...###.#.......# #.###
##### #.#^......# #....
#.#.......#####....
#.#.......##.......


You could see an orc priest.

Vanquished Creatures
  Pikel (D:6)
  Sigmund (D:6)
  A wyvern (D:5)
  A hungry ghost (D:8)
  Edmund (D:5)
  A slave (D:6)
  2 ice beasts (D:8)
  An orc warrior (D:8)
  A black bear (D:7)
  3 sky beasts
  A phantom (D:4)
  3 centaurs
  3 ogres
  Blork the orc (D:4)
  2 elf zombies (D:7)
  A bullfrog (D:7)
  2 troll zombies (D:7)
  6 killer bees (D:9)
  7 wights
  A crimson imp (D:5)
  3 jellies
  3 human zombies (D:7)
  3 orc priests
  3 hounds
  2 bullfrog skeletons
  A human skeleton (D:7)
  An iguana (D:6)
  7 orc wizards
  3 worker ants
  Terence (D:2)
  A hound zombie (D:5)
  A hound skeleton (D:4)
  4 mummies (D:7)
  A howler monkey zombie (D:9)
  A worker ant zombie (D:6)
  7 gnolls
  11 adders
  A shadow imp (D:5)
  An ooze (D:3)
  4 adder skeletons
  An adder zombie (D:5)
  6 worms
  3 dart slugs
  8 leopard geckos
  32 orcs
  6 ball pythons
  11 giant cockroaches
  6 goblins
  5 hobgoblins
  2 jackals (D:1)
  2 quokkas
  9 bats
  8 frilled lizards
  A jackal skeleton (D:5)
  7 kobolds
  A leopard gecko skeleton (D:4)
  A quokka skeleton (D:5)
  7 rats
215 creatures vanquished.

Vanquished Creatures (others)
  An orc (D:6)
1 creature vanquished.

Grand Total: 216 creatures vanquished

Notes
Turn   | Place    | Note
-------+----------+-------------------------------------------
     0 | D:1      | RonnieColeman the Octopode Conjurer began the quest for the
                  | Orb.
     0 | D:1      | Reached XP level 1. HP: 11/11 MP: 3/3
   346 | D:1      | Reached XP level 2. HP: 18/18 MP: 5/5
   673 | D:2      | Noticed Terence
   682 | D:2      | Learned a level 2 spell: Searing Ray
   685 | D:2      | Killed Terence
   685 | D:2      | Reached skill level 1 in Fighting
   685 | D:2      | Reached XP level 3. HP: 19/23 MP: 2/7
   917 | D:2      | Found a blossoming altar of Fedhas.
   919 | D:2      | Reached skill level 3 in Spellcasting
   980 | D:2      | Found a shattered altar of Ashenzari.
  1113 | D:2      | Reached XP level 4. HP: 27/28 MP: 8/8
  1640 | D:2      | Noticed an ogre
  1648 | D:2      | Killed an ogre
  1648 | D:2      | Reached XP level 5. HP: 24/35 MP: 10/10
  1825 | D:3      | Reached skill level 4 in Spellcasting
  1826 | D:3      | Reached XP level 6. HP: 41/41 MP: 12/12
  1828 | D:3      | Reached skill level 5 in Conjurations
  2756 | D:4      | Noticed Blork the orc
  2765 | D:4      | Killed Blork the orc
  2765 | D:4      | Reached skill level 5 in Spellcasting
  2765 | D:4      | Reached XP level 7. HP: 30/46 MP: 14/14
  2996 | D:4      | Identified the Incunabulum of Helpful Flight
  3626 | D:5      | Entered Level 5 of the Dungeon
  3895 | D:5      | Noticed Edmund
  3906 | D:5      | Killed Edmund
  4022 | D:5      | Reached XP level 8. HP: 52/54 MP: 16/16
  4053 | D:5      | Reached skill level 6 in Spellcasting
  4528 | D:5      | Found a staircase to the Ecumenical Temple.
  4536 | Temple   | Entered the Ecumenical Temple
  4692 | Temple   | Became a worshipper of Kikubaaqudgha
  4750 | D:5      | You fall into a shaft and drop 3 floors!
  5444 | D:7      | Reached skill level 5 in Fighting
  5444 | D:7      | Reached skill level 7 in Spellcasting
  5469 | D:7      | Found a basalt altar of Yredelemnul.
  5780 | D:6      | Noticed Pikel
  5787 | D:6      | Killed Pikel
  5787 | D:6      | Reached skill level 8 in Spellcasting
  5787 | D:6      | Reached XP level 9. HP: 48/61 MP: 21/21
  5804 | D:6      | Reached * piety under Kikubaaqudgha
  5804 | D:6      | Identified Kikubaaqudgha's Incunabulum of Necromancy
                  | (Kikubaaqudgha gifted it to you on level 6 of the Dungeon)
  5804 | D:6      | Received a gift from Kikubaaqudgha
  6366 | D:5      | Learned a level 2 spell: Sublimation of Blood
  6433 | D:6      | Found a glowing silver altar of Zin.
  6435 | D:6      | Found a blossoming altar of Fedhas.
  6435 | D:6      | Found a shimmering altar of Xom.
  6437 | D:6      | Found a shimmering blue altar of Sif Muna.
  6437 | D:6      | Found an ornate altar of the Wu Jian Council.
  6437 | D:6      | Found an ancient bone altar of Kikubaaqudgha.
  6490 | D:6      | Noticed Sigmund
  6495 | D:6      | Killed Sigmund
  6498 | D:6      | Reached skill level 9 in Spellcasting
  6551 | D:6      | Found a shadowy altar of Dithmenos.
  6595 | D:6      | Noticed an Executioner
  6596 | D:6      | Found a burning altar of Makhleb.
  6599 | D:6      | Found a glowing silver altar of Zin.
  6599 | D:6      | Noticed an angel
  7604 | D:8      | Reached XP level 10. HP: 68/68 MP: 23/23
  7756 | D:8      | Reached ** piety under Kikubaaqudgha
  8170 | D:8      | Reached skill level 10 in Spellcasting
  8443 | D:9      | HP: 3/69 [orc priest/+2 mace of protection (9)]
  8444 | D:9      | Slain by an orc priest

Illustrated notes

Levels and vault maps discovered:
D:1:      lightli_arrival_boilingwater, layout_basic
D:2:      minmay_razor_zed, layout_loops_ring, ashenzari_conservatory_becter,
          first_ration, fedhas_altar_fruit_tree, uniq_terence
D:3:      layout_loops_cross
D:4:      minmay_chambers_of_twos, layout_loops_ring, uniq_blork_the_orc
D:5:      layout_layer_cave, minmay_temple_entry_glassed_door,
          minmay_fountain_box, uniq_edmund
D:6:      layout_rooms, grunt_temple_overflow_order_and_chaos_2,
          doesnt_xom_only_xom, grunt_dithmenos_smoke_and_mirrors, uniq_sigmund,
          uniq_pikel
D:7:      layout_basic, lemuel_mausoleum_altar_yredelemnul
D:8:      layout_basic, minmay_misc_feat_cross
D:9:      layout_loops_cross, marbit_many_paths
Temple:   eino_temple_scatter_basement

Skill      XL: |  1  2  3  4  5  6  7  8  9 10 |
---------------+-------------------------------+-----
Fighting       | 1 2 3 4 5 6 |  6.4
Spellcasting   | 3 4 5 8 9 10 | 10.1
Conjurations   | 5 7 8 |  8.6
Dodging        | |  2.0
Stealth        | |  2.6

Action                   |  1- 3 |  4- 6 |  7- 9 | 10-12 || total
-------------------------+-------+-------+-------+-------++-------
Melee: Dagger            |    56 |    36 |       |       ||    92
       Unarmed           |     4 |       |       |       ||     4
       Constrict         |    13 |    14 |    33 |     3 ||    63
       Tentacles         |     9 |    11 |    19 |     1 ||    40
       Morningstar       |       |    33 |   129 |    13 ||   175
 Cast: Magic Dart        |    15 |     7 |    23 |     2 ||    47
       Searing Ray       |     2 |    16 |    55 |    18 ||    91
  Use: Scroll            |     2 |    10 |     5 |     2 ||    19
       Potion            |       |       |       |     1 ||     1
 Stab: Sleeping          |     4 |    12 |    13 |     1 ||    30
       Distracted        |       |       |     1 |       ||     1
  Eat: Chunk             |     1 |     6 |    15 |     2 ||    24
Armor: Skin              |     5 |     8 |    24 |     7 ||    44
Dodge: Dodged            |    40 |    44 |   133 |    28 ||   245
